 Dungeon Crawl Stone Soup version 0.28-a0-724-g66f9036eb4 (webtiles) character file.

Game seed: 9568689136464133031

212 kae the Chopper (level 5, -2/47 HPs)
             Began as a Hill Orc Cinder Acolyte on Oct 26, 2021.
             Was a High Priest of Ignis.
             Slain by a sky beast (6 damage)
             ... on level 3 of the Dungeon.
             The game lasted 00:02:49 (4944 turns).

kae the Chopper (Hill Orc Cinder Acolyte)           Turns: 4944, Time: 00:02:49

Health: -2/47      AC:  2    Str: 17    XL:     5   Next: 90%
Magic:  1/8        EV: 11    Int: 15    God:    Ignis [*****.]
Gold:   94         SH:  0    Dex:  6    Spells: 6/8 levels left

rFire   + . .      SeeInvis .   a - -1 hand axe (flame)
rCold   + . .      Faith    .   (no shield)
rNeg    . . .      Spirit   .   b - +0 robe
rPois   .          Reflect  .   (no helmet)
rElec   .          Harm     .   (no cloak)
rCorr   .          Rampage  .   (no gloves)
Will    .....                   (no boots)
Stlth   +.........              (no amulet)
HPRegen 0.15/turn               d - ring of protection from cold
MPRegen 0.11/turn               (no ring)

@: very slightly contaminated
A: no striking features
a: Renounce Religion, Sea of Fire, Foxfire Swarm, Rising Flame


You were on level 3 of the Dungeon.
You worshipped Ignis.
Ignis was extremely pleased with you.
You visited 1 branch of the dungeon, and saw 3 of its levels.

You collected 94 gold pieces.

Inventory:

Hand Weapons
 a - a -1 hand axe of flaming (weapon)
Missiles
 e - 2 throwing nets (quivered)
Armour
 b - a +0 robe (worn)
Jewellery
 d - a ring of protection from cold (left hand)
Wands
 c - a wand of mindburst (10)
Potions
 f - a potion of mutation {unknown}
 g - a potion of curing {unknown}


   Skills:
 + Level 4.7 Fighting
 * Level 6.1 Axes
 + Level 2.0 Spellcasting
 + Level 4.3 Fire Magic


You had 6 spell levels left.
You knew the following spells:

 Your Spells              Type           Power      Damage    Failure   Level
a - Scorch                Fire           28%        2d6       6%          2

Your spell library contained the following spells:

 Spells                   Type           Power      Damage    Failure   Level


Dungeon Overview and Level Annotations

Branches:
Dungeon (3/15)

Altars:
Xom

Annotations:
D:2 Sigmund


Message History

You now have 94 gold pieces (gained 8).
You open the door.
A sky beast and Terence come into view.
Terence says, "Rest in peace."
Found 20 arrows.
There are monsters nearby!
There are monsters nearby!
You hit the sky beast but do no damage. The sky beast hits you.
The sky beast shocks you.
You closely miss the sky beast. The sky beast hits you.
The sky beast shocks you.
Casting: Scorch (safe; 6% risk of failure)
Confirm with . or Enter, or press ? or * to list all spells.
You miscast Scorch.
You are very lightly contaminated with residual magic.
Nothing appears to happen.
The sky beast hits you. The sky beast shocks you.
Casting: Scorch (safe; 6% risk of failure)
Confirm with . or Enter, or press ? or * to list all spells.
Flames lash Terence.
Terence is heavily wounded.
Terence's fire resistance burns away.
The sky beast hits you but does no damage.
The sky beast hits you. The sky beast shocks you.
* * * LOW HITPOINT WARNING * * *
Casting: Scorch (safe; 6% risk of failure)
Confirm with . or Enter, or press ? or * to list all spells.
Flames lash Terence.
Terence is burned terribly!
You kill Terence!
The sky beast flickers out of sight!
Deactivating autopickup; reactivate with Ctrl-A.
Something hits you.
* * * LOW HITPOINT WARNING * * *
Something shocks you.
* * * LOW HITPOINT WARNING * * *
Your Axes skill increases to level 6!
Your Spellcasting skill increases to level 2!
Something hits you.
* * * LOW HITPOINT WARNING * * *
Something shocks you.
You die...

...## ....# .# ...##
######.# #.## #.. ...#
+# #.# #.###..# ... #.#
#.#....# .... #.#
#.#.#..## .....
#.#####.#.#...####...(..
................@{).....
#..####).#....#.##......
#..# #.###..##.# .....
#..# #..#..###.# ....
#..# #.........# ...
#..# #####.##### +# #..#
#.# #..# #.# )..# #.#


There were no monsters in sight!

Vanquished Creatures
  Terence (D:3)
  Robin (D:2)
  8 gnolls
  2 adders
  2 dart slugs
  4 ball pythons (D:1)
  3 bats
  6 endoplasms
  3 giant cockroaches
  18 goblins
  7 hobgoblins
  2 kobolds (D:2)
  3 quokkas
  2 frilled lizards
  13 rats
75 creatures vanquished.

Vanquished Creatures (others)
  2 fungi (D:1)
2 creatures vanquished.

Grand Total: 77 creatures vanquished

Notes
Turn   | Place    | Note
-------+----------+-------------------------------------------
     0 | D:1      | kae the Hill Orc Cinder Acolyte began the quest for the
                  | Orb.
     0 | D:1      | Reached XP level 1. HP: 19/19 MP: 2/2
   280 | D:1      | Reached XP level 2. HP: 17/27 MP: 3/3
   865 | D:1      | Found a faded altar of an unknown god.
  1065 | D:1      | Reached XP level 3. HP: 23/33 MP: 4/4
  1075 | D:1      | Learned a level 2 spell: Scorch
  1935 | D:2      | Found a shimmering altar of Xom.
  2012 | D:2      | Noticed Sigmund
  2282 | D:2      | Noticed Robin
  2401 | D:1      | Reached skill level 5 in Axes
  2805 | D:2      | Killed Robin
  2806 | D:2      | Reached XP level 4. HP: 34/40 MP: 2/6
  4240 | D:2      | Reached XP level 5. HP: 47/47 MP: 2/7
  4718 | D:3      | HP: 1/47 [endoplasm (3)]
  4937 | D:3      | Noticed Terence
  4937 | D:3      | Noticed a sky beast
  4943 | D:3      | Killed Terence
  4944 | D:3      | Reached skill level 6 in Axes
  4944 | D:3      | Slain by a sky beast

Illustrated notes

Levels and vault maps discovered:
D:1:      dpeg_arrival_ratfight, layout_basic,
          shapermc_ecumenical_altar_acropolis, minmay_misc_feat_cross
D:2:      layout_basic, basic_altar, minmay_tetromino_o2, uniq_robin,
          uniq_sigmund
D:3:      layout_loops_corners, trog_hazing_becter, lemuel_crystal_altar,
          grunt_ministairs_7, uniq_terence

Skill      XL: |  1  2  3  4  5 |
---------------+----------------+-----
Fighting       | 4 |  4.7
Axes           | 5 6 |  6.1
Fire Magic     | 4 |  4.3
Spellcasting   | 2 |  2.0

Action                   |  1- 3 |  4- 6 || total
-------------------------+-------+-------++-------
Melee: Hand axe          |   114 |    17 ||   131
 Cast: Scorch            |    18 |    34 ||    52
Evoke: Wand              |       |     5 ||     5
  Use: Scroll            |     1 |     2 ||     3
       Potion            |       |     1 ||     1
Armor: Robe              |    27 |     3 ||    30
Dodge: Dodged            |    68 |    24 ||    92

Table legend: (Time is in decaauts)
 A = Elapsed time spent in this place.
 B = Non-inter-level travel time spent in this place.
 C = Inter-level travel time spent in this place.
 D = Time resting spent in this place.
 E = Time spent auto-exploring this place.
 F = Levels seen in this place.
 G = Mean time per level.
                   A        B        C        D        E       F      G
               +--------+--------+--------+--------+--------+-----+--------+
         Total |   4961 |   4808 |    153 |   1228 |   2972 |   3 | 1653.7 |
       Dungeon |   4961 |   4808 |    153 |   1228 |   2972 |   3 | 1653.7 |
               +--------+--------+--------+--------+--------+-----+--------+

Top non-repeatable levels by time:
     D:1: 2698 daAuts
     D:2: 1673 daAuts
     D:3: 589 daAuts
